 Dungeon Crawl Stone Soup version 0.26-a0-28-gc929df5585 (webtiles) character file.

Game seed: 4196439260045269777, levelgen mode: deterministic

470 Maedhros the Insei (level 7, -3/44 HPs)
             Began as an Octopode Artificer on May 28, 2020.
             Was an Initiate of Cheibriados.
             Slain by Grinder (4 damage)
             ... while paralysed by Grinder
             ... on level 5 of the Dungeon.
             The game lasted 00:13:26 (1251 turns).

Maedhros the Insei (Octopode Artificer)             Turns: 1251, Time: 00:13:27

Health: -3/44      AC:  1    Str: 12    XL:     7   Next: 9%
Magic:  9/9        EV:  2    Int: 21    God:    Cheibriados [......]
Gold:   113        SH:  0    Dex: 15    Spells: 4/6 levels left

rFire    + . .     SeeInvis .     - Unarmed
rCold    . . .     Gourm    .   (no shield)
rNeg     . . .     Faith    .   (helmet restricted)
rPois    .         Spirit   .   i - amulet of regeneration
rElec    .         Reflect  .   v - +6 ring of intelligence
rCorr    .         Harm     .   y - ring of protection from fire
MR       .....                  (no ring)
Stlth    ++++......             (no ring)
HPRegen  0.54/turn              (no ring)
MPRegen  0.11/turn              (no ring)
                                (no ring)
                                (no ring)

@: paralysed, mighty, very slow
A: almost no armour, stealthy swim, amphibious, 8 rings, constrict 8, camouflage
1, gelatinous body 1
a: Bend Time, Renounce Religion


You were on level 5 of the Dungeon.
You worshipped Cheibriados.
Cheibriados was noncommittal.
You were very hungry.

You visited 2 branches of the dungeon, and saw 7 of its levels.

You collected 113 gold pieces.

Inventory:

Missiles
 j - 8 boomerangs
 q - 22 poisoned darts (quivered)
Jewellery
 a - an uncursed amulet of guardian spirit {unknown}
 i - an amulet of regeneration (around mantle)
 v - a +6 ring of intelligence (left tentacle)
 y - a ring of protection from fire (right tentacle)
Wands
 b - a wand of flame (15)
 c - a wand of enslavement (10)
 d - a wand of random effects (13)
Scrolls
 e - 3 scrolls of noise
 g - a scroll of immolation {unknown}
 h - 2 scrolls of magic mapping {unknown}
 k - 2 scrolls of enchant armour {unknown}
 l - 3 scrolls of teleportation
 m - 6 scrolls of identify {unknown}
 o - 2 scrolls of fear {unknown}
 r - a scroll of enchant weapon {unknown}
 u - a scroll of fog {unknown}
Potions
 n - a potion of lignification {unknown}
 p - a potion of cancellation {unknown}
 s - a potion of curing {unknown}
 t - a potion of might
 x - a potion of stabbing {unknown}
Comestibles
 f - 3 rations


   Skills:
 + Level 1.8 Fighting
   Level 1.0 Short Blades
 + Level 2.5 Dodging
 - Level 4.0 Stealth
 * Level 5.5 Unarmed Combat
 * Level 2.0 Conjurations
 - Level 3.2 Evocations


You had 4 spell levels left.
You knew the following spells:

 Your Spells              Type           Power        Failure   Level  Hunger
a - Searing Ray           Conj           #.....       12%         2    ###....

Your spell library contained the following spells:

 Spells                   Type           Power        Failure   Level  Hunger
 Magic Dart               Conj           #...         8%          1    ##.....
 Dazzling Flash           Conj/Hex       #.....       34%         3    ####...
 Fulminant Prism          Conj/Hex       #.........   75%         4    #####..
 Iskenderun's Mystic Bla  Conj/Tloc      #.......     75%         4    #####..


Dungeon Overview and Level Annotations

Branches:
Dungeon (6/15)             Temple (1/1) D:6

Altars:
Ashenzari
Cheibriados
Qazlal
Ru
Sif Muna
Trog
Uskayaw
Wu Jian
Xom
Yredelemnul
Zin
The Shining One

Shops:
D:4 *:

Annotations:
D:5 1 runed translucent door, Grinder; Turtleman12345's ghost, novice OpTm


Innate Abilities, Weirdness & Mutations

You cannot wear most types of armour.
You are very stealthy in the water. (Stealth+)
You are amphibious.
You can wear up to eight rings at the same time.
You can use your tentacles to constrict eight enemies at once.
Your skin changes colour to match your surroundings (Stealth+).
Your rubbery body absorbs attacks. (AC +1, EV +1)


Message History

You constrict Grinder. Grinder misses you.
You barely miss Grinder.
Grinder is heavily wounded.
You constrict Grinder. Grinder gestures at you.
You suddenly lose the ability to move!
You lose your grip on Grinder.
Grinder hits you.
You writhe in agony.
Grinder hits you. Grinder hits you.
You writhe in agony.
Grinder hits you!
You writhe in agony.
Grinder gestures at you. Pain shoots through your body! Grinder hits you.
* * * LOW HITPOINT WARNING * * *
You writhe in agony.
* * * LOW HITPOINT WARNING * * *
Grinder hits you.
* * * LOW HITPOINT WARNING * * *
You writhe in agony.
You die...

#.# #.# #.# #.# #.# #.# #.#
#.# #.# #.# #.##########.#
#.# #.##......##.# #.#
#.#.......##.# #.#
#.#.......##.# #.#
#.#......(##.# #@#
#.#...)...#... #5#
#.#.......#... #.#
#.#.......#... ###########.#
#.#[.....<+...
#......>...)###[#.......####
#........##.).)...#+####....
#...[....##.......#.........
######...##.............##..
#......#....######.#...


You could see Grinder.

Vanquished Creatures
  Duvessa (D:5)
  A scorpion (D:5)
  An orc wizard (D:5)
  2 iguanas
  A worker ant (D:6)
  2 hound skeletons (D:6)
  A mummy (D:5)
  2 gnolls (D:5)
  2 adders
  2 shadow imps (D:5)
  A worm (D:2)
  A leopard gecko (D:5)
  4 orcs
  A giant cockroach (D:1)
  3 goblins
  A hobgoblin (D:1)
  4 jackals (D:1)
  3 kobolds
  2 quokkas
  3 bats
  A frilled lizard (D:1)
  A jackal zombie (D:6)
  2 kobold zombies (D:5)
  2 orc zombies (D:5)
  4 rats
48 creatures vanquished.

Vanquished Creatures (collateral kills)
  An ogre (D:4)
  A gnoll sergeant (D:5)
  A gnoll (D:5)
3 creatures vanquished.

Vanquished Creatures (others)
  Dowan (D:5)
  A gnoll (D:5)
2 creatures vanquished.

Grand Total: 53 creatures vanquished

Notes
Turn   | Place    | Note
-------+----------+-------------------------------------------
     0 | D:1      | Maedhros the Octopode Artificer began the quest for the
                  | Orb.
     0 | D:1      | Reached XP level 1. HP: 13/13 MP: 3/3
   179 | D:1      | Reached XP level 2. HP: 15/18 MP: 4/4
   344 | D:1      | You fall into a shaft and drop 1 floor!
   417 | D:2      | Reached XP level 3. HP: 15/23 MP: 5/5
   437 | D:3      | Reached skill level 1 in Unarmed Combat
   484 | D:4      | Found Yhueroezxe's Assorted Antiques.
   493 | D:4      | Reached skill level 2 in Unarmed Combat
   493 | D:4      | Reached XP level 4. HP: 16/28 MP: 6/6
   495 | D:4      | Noticed an ogre
   510 | D:4      | Killed an ogre
   510 | D:4      | Reached skill level 3 in Unarmed Combat
   548 | D:4      | Reached skill level 4 in Unarmed Combat
   548 | D:4      | Reached XP level 5. HP: 31/33 MP: 7/7
   554 | D:4      | Found Dimodil's Book Emporium.
   633 | D:5      | Entered Level 5 of the Dungeon
   800 | D:6      | Learned a level 2 spell: Searing Ray
   816 | D:6      | Reached XP level 6. HP: 38/38 MP: 8/8
   820 | D:6      | Reached skill level 5 in Unarmed Combat
   835 | D:6      | Found a staircase to the Ecumenical Temple.
   847 | Temple   | Entered the Ecumenical Temple
   853 | Temple   | Became a worshipper of Cheibriados the Contemplative
   919 | D:5      | Noticed Duvessa
   982 | D:5      | Noticed Grinder
   998 | D:5      | Found a runed translucent door.
   998 | D:5      | Noticed Turtleman12345's ghost (novice OpTm)
  1055 | D:5      | Reached skill level 1 in Conjurations
  1119 | D:5      | Noticed Dowan
  1226 | D:5      | Killed Duvessa
  1226 | D:5      | Reached XP level 7. HP: 21/44 MP: 9/9
  1232 | D:5      | Your ally died
  1244 | D:5      | Paralysed by Grinder for 7 turns
  1251 | D:5      | HP: 1/44 [Grinder (6)]
  1251 | D:5      | Slain by Grinder

Illustrated notes

Levels and vault maps discovered:
D:1:      sevenhm_arrival_forest_fort_large_2, layout_loops_ring
D:2:      layout_basic, grunt_ministairs_10, st_stairs_13
D:3:      layout_loops_cross, first_ration, tgw_trog
D:4:      layout_basic, grunt_temple_overflow_open, serial_shops, shop,
          nicolae_shop_behind_doors, shop, kennysheep_mini_moat,
          xom_teletrap_fun
D:5:      layout_basic, gammafunk_ghost_grave, minmay_mini_ossuary,
          uniq_duvessa, uniq_grinder
D:6:      layout_loops_cross, minmay_temple_entry_trees, uniq_sigmund
Temple:   nicolae_temple_no_exploring_needed

Skill      XL: |  1  2  3  4  5  6  7 |
---------------+----------------------+-----
Stealth        | 3 4 |  4.0
Unarmed Combat | 2 4 5 |  5.5
Conjurations   | 1 2 |  2.0
Fighting       | |  1.8
Short Blades   | |  1.0
Dodging        | |  2.5
Evocations     | |  3.2

Action                   |  1- 3 |  4- 6 |  7- 9 || total
-------------------------+-------+-------+-------++-------
Melee: Short sword       |    54 |    46 |       ||   100
       Tentacles         |     9 |    18 |     1 ||    28
       Constrict         |    12 |    21 |     2 ||    35
       Unarmed           |       |    15 |     5 ||    20
       Punch             |       |     1 |       ||     1
Throw: Dart              |       |     2 |       ||     2
       Boomerang         |       |     1 |       ||     1
Evoke: Wand              |     1 |     6 |       ||     7
  Use: Scroll            |     1 |     2 |       ||     3
       Potion            |       |     1 |     2 ||     3
 Stab: Sleeping          |     4 |     3 |       ||     7
       Paralysed         |     1 |       |       ||     1
       Distracted        |       |     1 |       ||     1
Armor: Skin              |     6 |     2 |       ||     8
Dodge: Dodged            |    39 |    35 |     5 ||    79

Table legend:
 A = Non-vault XP
 B = Vault XP
 C = Vault XP percentage of total XP
 D = Non-vault monster count
 E = Vault monster count
 F = Vault count percentage of total count
                 A         B        C        D         E       F
            +---------+---------+-------+---------+---------+-------
      Total |     548 |     124 |  18.5 |      43 |       9 |  17.3
            +---------+---------+-------+---------+---------+-------
        D:1 |      21 |       0 |   0.0 |      12 |       0 |   0.0
        D:2 |       6 |       8 |  57.1 |       5 |       3 |  37.5
        D:3 |      14 |       0 |   0.0 |       2 |       0 |   0.0
        D:4 |     165 |       0 |   0.0 |       3 |       0 |   0.0
        D:5 |     262 |     116 |  30.7 |      15 |       6 |  28.6
        D:6 |      80 |       0 |   0.0 |       6 |       0 |   0.0
            +---------+---------+-------+---------+---------+-------
